 Dungeon Sprint DCSS version 0.27.0-1-g7a089689b8 (webtiles) character file.

Game seed: 1223604380322735414

4237 Groucho the Unseen (level 10, -7/44 HPs)
             Began as a Spriggan Enchanter on Aug 4, 2021.
             Was a High Priest of Sif Muna.
             Mangled by a deep troll (11 damage)
             ... in the Dungeon (Sprint I: "Red Sonja").
             The game lasted 00:08:28 (1336 turns).

Groucho the Unseen (Spriggan Enchanter)             Turns: 1336, Time: 00:08:29

Health: -7/44      AC:  2    Str:  7    XL:     10   Next: 9%
Magic:  18/27      EV: 24    Int: 18    God:    Sif Muna [*****.]
Gold:   118        SH:  0    Dex: 15    Spells: 13/33 levels left

rFire    + . .     SeeInvis +   a - +1 dagger
rCold    . . .     Faith    .   (shield restricted)
rNeg     . . .     Spirit   .   b - +0 robe
rPois    .         Reflect  .   (helmet restricted)
rElec    .         Harm     .   (no cloak)
rCorr    .         Rampage  .   (gloves unavailable)
Will     +....     NoTele   +   (boots unavailable)
Stlth    +++++++...             (no amulet)
HPRegen  0.14/turn              p - ring of protection from fire
MPRegen  0.20/turn              (no ring)

@: very quick
A: very small, no large weapons, unfitting armour, see invisible, speed 3
a: Renounce Religion, Channel Magic, Forget Spell, Divine Exegesis


You were in the Dungeon.
You worshipped Sif Muna.
Sif Muna was extremely pleased with you.
You visited 1 branch You collected 648 gold pieces.
You spent 530 gold pieces at shops.

Inventory:

Hand Weapons
 a - a +1 dagger (weapon)
 g - a +0 rapier of holy wrath
 h - a +0 shortbow
Missiles
 i - 33 arrows
Armour
 b - a +0 robe (worn)
 o - a +2 buckler of reflection
Jewellery
 p - a ring of protection from fire (left hand)
Scrolls
 c - a scroll of magic mapping {unknown}
 k - a scroll of identify {unknown}
 m - a scroll of enchant weapon {unknown}
 n - a scroll of enchant armour {unknown}
Potions
 e - a potion of haste
 f - 2 potions of magic
 j - a potion of flight {unknown}
Miscellaneous
 l - a piece from Xom's chessboard (15/15)


   Skills:
 - Level 10.1 Short Blades
 + Level 12.0 Dodging
 - Level 20.0 Stealth
 + Level 0.0 Shields
 + Level 12.2 Spellcasting
 + Level 12.5 Hexes


You had 13 spell levels left.
You knew the following spells:

 Your Spells              Type           Power      Damage    Failure   Level
a - Corona                Hex            60%        N/A       1%          1
b - Ensorcelled Hibernat  Hex/Ice        66%        N/A       1%          2
c - Confusing Touch       Hex            54%        N/A       1%          3
d - Dazzling Flash        Conj/Hex       66%        N/A       1%          3
e - Tukima's Dance        Hex            54%        N/A       1%          3
f - Invisibility          Hex            27%        N/A       5%          6
g - Passwall              Tmut/Erth      9%         N/A       10%         2

Your spell library contained the following spells:

 Spells                   Type           Power      Damage    Failure   Level
 Portal Projectile        Hex/Tloc       66%        N/A       1%          3
 Swiftness                Air            11%        N/A       19%         3
 Shadow Creatures         Summ           N/A        N/A       100%        6
 Haunt                    Necr/Summ      5%         N/A       100%        7
 Spellforged Servitor     Conj/Summ      5%         N/A       100%        7
 Summon Hydra             Summ           5%         N/A       100%        7


Dungeon Overview and Level Annotations

Branches:
Dungeon (1/1)

Altars:
Cheibriados
Dithmenos
Elyvilon
Fedhas
Gozag
Hepliaklqana
Kikubaaqudgha
Makhleb
Nemelex Xobeh
Okawaru
Qazlal
Ru
Sif Muna
Trog
Uskayaw
Vehumet
Wu Jian
Xom
Yredelemnul
Zin
The Shining One
Jiyva
Lugonu

Shops:
D !(:=[(:[(!!*:((


Innate Abilities, Weirdness & Mutations

You are very small and have problems with some larger weapons.
You are too small for most types of armour.
You have supernaturally acute eyesight. (SInv)
You cover ground extremely quickly. (Speed+++)


Message History

The deep troll claws you.
Casting: Ensorcelled Hibernation (safe; 1% risk of failure)
Confirm with . or Enter, or press ? or * to list all spells.
Aiming: Ensorcelled Hibernation (safe; 1% risk of failure)
Press: ? - help, Shift-Dir - straight line, f/p - deep troll
Aim: a deep troll (chance to affect: 44%)
The deep troll resists with some effort.
The deep troll completely misses you. The deep troll claws you!
* * * LOW HITPOINT WARNING * * *
The deep troll completely misses you.
You feel much better. The deep troll closely misses you.
The deep troll claws you. x2
Unknown command.
Unknown command.
Casting: Ensorcelled Hibernation (safe; 1% risk of failure)
Confirm with . or Enter, or press ? or * to list all spells.
Aiming: Ensorcelled Hibernation (safe; 1% risk of failure)
Press: ? - help, Shift-Dir - straight line, f/p - deep troll
Aim: a deep troll (chance to affect: 44%)
The deep troll resists with some effort.
The deep troll bites you!!
* * * LOW HITPOINT WARNING * * *
The deep troll closely misses you. The deep troll barely misses you.
Casting: Ensorcelled Hibernation (safe; 1% risk of failure)
Confirm with . or Enter, or press ? or * to list all spells.
Aiming: Ensorcelled Hibernation (safe; 1% risk of failure)
Press: ? - help, Shift-Dir - straight line, f/p - deep troll
Aim: a deep troll (chance to affect: 44%)
The deep troll resists with some effort.
The deep troll barely misses you. The deep troll completely misses you.
The deep troll barely misses you.
Casting: Ensorcelled Hibernation (safe; 1% risk of failure)
Confirm with . or Enter, or press ? or * to list all spells.
Aiming: Ensorcelled Hibernation (safe; 1% risk of failure)
Press: ? - help, Shift-Dir - straight line, f/p - deep troll
Aim: a deep troll (chance to affect: 44%)
The deep troll resists with some effort.
The deep troll misses you. The deep troll closely misses you.
The deep troll claws you!
You die...

#..'..#.)'..#__#..+
'..#.)'..#..'..'..#
#####+#####'#__#### ####
#...#.####§.####
#__####..##.#≈≈≈..#..#
#_____##'#_.'≈≈≈..§..#
#_.∩..÷'..._#≈≈≈§)#..#
#_..__##_.#'##+#####'###
#_____###+#.#.[T@# #.'.#
####### ####'### ###.#
$$. #.# ###########§#
#.....§§##§#
#...§.†÷§§§#
#'''######§#
#........#§#
######.......#+§#


You could see a deep troll.

Vanquished Creatures
  2 centaur warriors (D)
  An oklob plant (D)
  2 unseen horrors (D)
  A hornet (D)
  A slime creature (D)
  Sigmund (D)
  2 redbacks (D)
  A yak (D)
  A floating eye (D)
  7 necrophages (D)
  An ogre (D)
  8 jellies (D)
  Ijyb (D)
29 creatures vanquished.

Notes
Turn   | Place    | Note
-------+----------+-------------------------------------------
     0 | D        | Groucho the Spriggan Enchanter began the quest for the Orb.
     0 | D        | Reached XP level 1. HP: 9/9 MP: 5/5
     2 | D        | Noticed Ijyb
    11 | D        | Killed Ijyb
    12 | D        | Reached skill level 10 in Stealth
    12 | D        | Reached XP level 2. HP: 13/13 MP: 6/6
   445 | D        | Learned a level 2 spell: Ensorcelled Hibernation
   447 | D        | Noticed an ogre
   449 | D        | Killed an ogre
   450 | D        | Reached skill level 14 in Stealth
   450 | D        | Reached XP level 3. HP: 16/16 MP: 8/8
   450 | D        | Reached XP level 4. HP: 21/21 MP: 9/9
   452 | D        | Noticed Sigmund
   454 | D        | Killed Sigmund
   455 | D        | Reached skill level 17 in Stealth
   455 | D        | Reached XP level 5. HP: 24/24 MP: 10/10
   466 | D        | Found a shimmering blue altar of Sif Muna.
   467 | D        | Found an ornate altar of the Wu Jian Council.
   468 | D        | Found a radiant altar of Vehumet.
   476 | D        | Reached skill level 18 in Stealth
   476 | D        | Reached XP level 6. HP: 13/28 MP: 2/11
   485 | D        | Found Koschutai's Distillery.
   485 | D        | Found an ancient bone altar of Kikubaaqudgha.
   485 | D        | Found a hazy altar of Hepliaklqana.
   485 | D        | Found a stormy altar of Qazlal.
   485 | D        | Found a hide-covered altar of Uskayaw.
   485 | D        | Found a blossoming altar of Fedhas.
   485 | D        | Found a bloodstained altar of Trog.
   485 | D        | Found an iron altar of Okawaru.
   485 | D        | Found a basalt altar of Yredelemnul.
   485 | D        | Found a glowing golden altar of the Shining One.
   485 | D        | Found a snail-covered altar of Cheibriados.
   485 | D        | Found a sacrificial altar of Ru.
   485 | D        | Found a glowing silver altar of Zin.
   485 | D        | Found a shadowy altar of Dithmenos.
   485 | D        | Found a white marble altar of Elyvilon.
   485 | D        | Noticed a yak
   486 | D        | Found an opulent altar of Gozag.
   487 | D        | Killed a yak
   488 | D        | Reached skill level 19 in Stealth
   488 | D        | Reached skill level 5 in Hexes
   646 | D        | Found a sparkling altar of Nemelex Xobeh.
   672 | D        | Became a worshipper of Sif Muna the Loreminder
   679 | D        | Found a burning altar of Makhleb.
   679 | D        | Found a shimmering altar of Xom.
   679 | D        | Noticed a slime creature
   680 | D        | Found a viscous altar of Jiyva.
   680 | D        | Found a corrupted altar of Lugonu.
   682 | D        | Killed a slime creature
   683 | D        | Reached skill level 20 in Stealth
   683 | D        | Reached skill level 5 in Spellcasting
   683 | D        | Reached XP level 7. HP: 32/32 MP: 14/16
   748 | D        | Noticed a centaur warrior
   748 | D        | Noticed a centaur warrior
   749 | D        | Killed a centaur warrior
   750 | D        | Reached skill level 5 in Short Blades
   750 | D        | Reached XP level 8. HP: 36/36 MP: 17/21
   750 | D        | Killed a centaur warrior
   750 | D        | Reached * piety under Sif Muna
   751 | D        | Reached skill level 10 in Hexes
   767 | D        | Noticed a hornet
   770 | D        | Killed a hornet
   771 | D        | Reached skill level 10 in Spellcasting
   771 | D        | Reached XP level 9. HP: 39/39 MP: 19/24
   783 | D        | Noticed an oklob plant
   785 | D        | Killed an oklob plant
   785 | D        | Reached ** piety under Sif Muna
   786 | D        | Reached skill level 10 in Dodging
   830 | D        | Noticed an unseen horror
   830 | D        | Noticed an unseen horror
   836 | D        | Killed an unseen horror
   836 | D        | Reached *** piety under Sif Muna
   838 | D        | Killed an unseen horror
   844 | D        | Learned a level 3 spell: Confusing Touch
   848 | D        | Learned a level 3 spell: Dazzling Flash
   852 | D        | Learned a level 3 spell: Tukima's Dance
   857 | D        | Reached **** piety under Sif Muna
  1157 | D        | Reached ***** piety under Sif Muna
  1167 | D        | Received a gift from Sif Muna
  1168 | D        | Reached XP level 10. HP: 44/44 MP: 24/26
  1197 | D        | Reached skill level 10 in Short Blades
  1225 | D        | Got Sif Muna's Tome of Supportive Displacement {god gift}
  1232 | D        | Found Tualorch's Book Shoppe.
  1232 | D        | Found Susuok Atio's Weapon Shop.
  1232 | D        | Found Cifrodie's Jewellery Boutique.
  1234 | D        | Found Bonoheg's Armour Emporium.
  1234 | D        | Found Uwinasuh's Antique Weapon Shop.
  1234 | D        | Found Faboasm's Book Shoppe.
  1234 | D        | Found Jekhe's Antique Armour Boutique.
  1234 | D        | Found Opurphok's Weapon Emporium.
  1234 | D        | Found Gepn's Distillery.
  1234 | D        | Found Inosk's Distillery.
  1236 | D        | Bought a ring of protection from fire for 250 gold pieces
  1240 | D        | Found Hunost's Assorted Antiques.
  1241 | D        | Found Oteem's Weapon Emporium.
  1241 | D        | Found Rigg's Book Boutique.
  1242 | D        | Found Misseic's Weapon Emporium.
  1265 | D        | Bought a book of Burglary for 280 gold pieces
  1272 | D        | Learned a level 6 spell: Invisibility
  1275 | D        | Learned a level 2 spell: Passwall
  1329 | D        | Noticed a deep troll
  1336 | D        | Mangled by a deep troll

Illustrated notes

Levels and vault maps discovered:
D:        dungeon_sprint_1 [red_sonja_temple_1, red_sonja_temple_small_1]

Skill      XL: |  1  2  3  4  5  6  7  8  9 10 |
---------------+-------------------------------+-----
Stealth        | 10 14 17 18 20 | 20.0
Spellcasting   | 5 8 10 11 12 | 12.2
Hexes          | 6 8 10 12 | 12.5
Short Blades   | 5 7 9 10 | 10.1
Dodging        | 6 9 11 12 | 12.0

Action                   |  1- 3 |  4- 6 |  7- 9 | 10-12 || total
-------------------------+-------+-------+-------+-------++-------
Melee: Dagger            |     4 |     5 |    30 |    17 ||    56
 Cast: Ensorcelled Hiber |       |     4 |     3 |     5 ||    12
       Confusing Touch   |       |       |     3 |     3 ||     6
  Use: Potion            |     1 |       |     1 |     1 ||     3
       Scroll            |       |       |     1 |       ||     1
 Stab: Sleeping          |     2 |     4 |    16 |     1 ||    23
       Confused          |       |       |     3 |     3 ||     6
Armor: Robe              |       |       |       |     1 ||     1
Dodge: Dodged            |     2 |     3 |     9 |    18 ||    32
